 Dungeon Crawl Stone Soup version 0.31.0-12-g77e489cdc1 (webtiles) character file.

Game seed: 17661185110337963239

261 KennySheep the Chopper (level 6, 0/51 HPs)
             Began as a Hill Orc Monk on Mar 2, 2024.
             Was a Believer of Beogh.
             Slain by a hobgoblin (1 damage)
             ... on level 3 of the Dungeon.
             The game lasted 00:05:26 (2239 turns).

KennySheep the Chopper (Hill Orc Monk)              Turns: 2239, Time: 00:05:27

Health: 0/51       AC:  2    Str: 22    XL:     6   Next: 18%
Magic:  6/6        EV: 12    Int: 10    God:    Beogh [**....]
Gold:   236        SH:  0    Dex: 13    Spells: 5/5 levels left

rFire   . . .        a - +0 hand axe
rCold   . . .        d - orb {light}
rNeg    . . .        b - +0 robe
rPois   .            (no helmet)
rElec   .            (no cloak)
rCorr   .            (no gloves)
SInv    .            (no boots)
Will    .....        (no amulet)
Stlth   +            l - +6 ring of strength
HPRegen 0.28/turn    (no ring)
MPRegen 0.10/turn

%: no passive effects
@: glowing, invisible (but backlit and visible)
A: no striking features
a: Renounce Religion, Smiting


You were on level 3 of the Dungeon.
You worshipped Beogh.
Beogh was pleased with you.
You visited 1 branch of the dungeon, and saw 3 of its levels.

You collected 236 gold pieces.

Inventory:

Hand Weapons
 a - a +0 hand axe (weapon)
Armour
 b - a +0 robe (worn)
 d - an orb of light (worn)
Jewellery
 l - a +6 ring of strength (left hand)
 m - an amulet of guardian spirit
Scrolls
 e - a scroll of immolation {unknown}
 f - a scroll of enchant weapon {unknown}
 h - 2 scrolls of fog {unknown}
 i - a scroll of identify {unknown}
Potions
 c - a potion of ambrosia
 g - a potion of curing {unknown}
 j - a potion of invisibility
 k - a potion of resistance {unknown}
 n - a potion of heal wounds {unknown}


   Skills:
 - Level 3.6 Fighting
 + Level 4.5 Long Blades
 - Level 6.7 Axes
 - Level 2.4 Dodging


You had 5 spell levels left.
You didn't know any spells.
Your spell library contained the following spells:

 Spells                   Type           Power      Damage    Failure   Level
 Freeze                   Ice            0%         1d3       36%         1
 Frozen Ramparts          Ice            0%         1d1       75%         3
 Hailstorm                Conj/Ice       0%         3d5       75%         3


Dungeon Overview and Level Annotations

Branches:
Dungeon (3/15)

Altars:
Ashenzari

Shops:
D:2 (   D:3 [


Message History

The burning spray hits you.
You are even more covered in liquid fire!
You shake off some of the fire as you move.
The liquid fire burns you!
You hit the bombardier beetle.
The bombardier beetle is lightly wounded.
The liquid fire burns you! The bombardier beetle bites you.
You hit the bombardier beetle.
The bombardier beetle is heavily wounded.
The liquid fire burns you!
You hit the bombardier beetle but do no damage.
The bombardier beetle is heavily wounded.
The liquid fire burns you! The bombardier beetle bites you.
You hit the bombardier beetle.
The bombardier beetle is severely wounded.
The liquid fire burns you!
You hit the bombardier beetle.
You kill the bombardier beetle!
Beogh accepts your kill.
You hit the hobgoblin but do no damage. The liquid fire burns you!
The hobgoblin hits you.
You barely miss the hobgoblin. The liquid fire burns you!
The hobgoblin hits you.
* * * LOW HITPOINT WARNING * * *
You hit the hobgoblin but do no damage. The liquid fire burns you!
* * * LOW HITPOINT WARNING * * *
The hobgoblin hits you.
* * * LOW HITPOINT WARNING * * *
It was a potion of invisibility.
You become transparent, but the glow from your halo and liquid flames prevents you from becoming completely invisible.
The liquid fire burns you!
* * * LOW HITPOINT WARNING * * *
The liquid fire finally exhausts itself.
The hobgoblin hits you.
You die...

# ##...#.###.#..#
##### # #......#
#.#..# #
#......###.#..## #
##.#.#...........
####....##.#.#.#..#
..>........#.#.#..#
.###....####.#.# .#
.# ##.#........##†#
.# #..#####.#.g@.#
.####...# #.#.##.#
.....(.... #.#.# .#
## #...#.##.#.# .#
# #.##.##.#.# .#
######.# ..... .#
........ ..#.# ##
######.. ..# #


You could see a hobgoblin.

Vanquished Creatures
  A bombardier beetle (D:3)
  Jessica (D:2)
  Natasha (thrice) (D:3)
  5 adders (D:2)
  A gnoll (D:1)
  4 dart slugs
  A ribbon worm (D:2)
  3 orcs (D:3)
  2 ball pythons
  9 endoplasms
  3 giant cockroaches
  2 hobgoblins (D:2)
  5 jackals
  6 kobolds
  4 quokkas
  5 bats
  3 frilled lizards
  3 goblins
  4 rats
65 creatures vanquished.

Notes
Turn   | Place    | Note
-------+----------+-------------------------------------------
     0 | D:1      | KennySheep the Hill Orc Monk began the quest for the Orb.
     0 | D:1      | Reached XP level 1. HP: 19/19 MP: 1/1
   162 | D:1      | Reached XP level 2. HP: 26/26 MP: 2/2
   235 | D:1      | Reached skill level 5 in Axes
   282 | D:1      | Reached XP level 3. HP: 20/31 MP: 3/3
   764 | D:2      | Reached skill level 6 in Axes
   914 | D:2      | Reached XP level 4. HP: 31/39 MP: 4/4
   964 | D:2      | Found a broken altar of Ashenzari.
  1037 | D:2      | Found Pujeg's Weapon Shoppe.
  1143 | D:2      | Noticed Jessica
  1152 | D:2      | Killed Jessica
  1153 | D:2      | Reached skill level 1 in Long Blades
  1314 | D:2      | Reached XP level 5. HP: 45/45 MP: 5/5
  1638 | D:3      | Became a worshipper of Beogh the Brigand
  1638 | D:3      | Reached * piety under Beogh
  1638 | D:3      | Reached ** piety under Beogh
  1670 | D:3      | Noticed Natasha
  1675 | D:3      | Killed Natasha
  1741 | D:3      | Noticed Natasha
  1750 | D:3      | Killed Natasha
  1762 | D:3      | Noticed Natasha
  1770 | D:3      | Killed Natasha
  1869 | D:3      | Found Noozack's Armour Boutique.
  1957 | D:3      | Reached XP level 6. HP: 50/51 MP: 6/6
  2239 | D:3      | HP: 1/51 [burnt (4)]
  2239 | D:3      | Slain by a hobgoblin

Illustrated notes

Levels and vault maps discovered:
D:1:      nzn_arrival_settlement, layout_basic
D:2:      layout_basic, serial_shops, shop_statue, basic_altar,
          grunt_ministairs_8, uniq_jessica
D:3:      layout_loops_ring, serial_shops, shop_fountains,
          wander_ebering_terrifying_dragon_lair, uniq_grinder,
          uniq_crazy_yiuf_cottage, uniq_natasha

Skill      XL: |  1  2  3  4  5 |
---------------+----------------+-----
Axes           | 5 6 |  6.7
Long Blades    | 2 4 |  4.5
Fighting       | |  3.6
Dodging        | |  2.4

Action                     |  1- 3 |  4- 6 || total
---------------------------+-------+-------++-------
  Melee: Hand axe          |    55 |   119 ||   174
 Invoke: Convert to Beogh  |       |     1 ||     1
    Use: Potion            |       |     1 ||     1
 Armour: Robe              |    22 |    67 ||    89
  Dodge: Dodged            |    34 |    69 ||   103
